 Dungeon Crawl Stone Soup version 0.20.1-1-g8b1a95d66d (webtiles) character file.

1899 Jynx the Frost Mage (level 8, -3/68 HPs)
             Began as a Yellow Draconian Ice Elementalist on Dec 19, 2017.
             Was a Follower of Qazlal.
             Slain by a bullfrog (4 damage)
             ... on level 5 of the Dungeon.
             The game lasted 00:16:27 (7715 turns).

Jynx the Frost Mage (DrIE)                          Turns: 7715, Time: 00:16:28

Health: -3/68      AC:  7    Str: 10    XL:     8   Next: 93%
Magic:  1/15       EV: 12    Int: 17    God:    Qazlal [*.....]
Gold:   253        SH:  1    Dex: 13    Spells: 13/17 levels left

rFire    . . .     SeeInvis .   d - +1 dagger (curse)
rCold    . . .     Gourm    .   (no shield)
rNeg     . . .     Faith    .   (armour unavailable)
rPois    +         Spirit   .   (helmet restricted)
rElec    .         Reflect  .   (no cloak)
rCorr    +         Harm     .   (no gloves)
MR       .....                  i - +0 pair of boots
Stlth    ++........             (no amulet)
Regen    0.3/turn               j - ring of poison resistance
MPRegen  0.2/turn               (no ring)

@: very slightly contaminated
A: spit acid, acid resistance, unfitting armour, cold-blooded, AC +6
a: Breathe Acid, Renounce Religion


You were on level 5 of the Dungeon.
You worshipped Qazlal.
Qazlal was aware of your devotion.
You were not hungry.

You visited 2 branches of the dungeon, and saw 7 of its levels.
You also visited: Ossuary.

You collected 253 gold pieces.

Inventory:

Hand Weapons
 d - a cursed +1 dagger (weapon)
 m - a +4 short sword
Armour
 i - a +0 pair of boots (worn)
Jewellery
 j - a ring of poison resistance (left hand)
Wands
 f - a wand of iceblast (11/15)
 t - a wand of flame (20/48)
Scrolls
 p - a scroll of fog
 s - a scroll of remove curse {unknown}
Potions
 e - 6 potions of curing
 g - a potion of lignification {unknown}
 h - 2 potions of brilliance
 k - 2 potions of heal wounds {unknown}
 l - 3 potions of flight
 n - 3 potions of agility {unknown}
Books
 a - a book of Frost

   Spells                             Type                      Level
   a - Freeze                         Ice                          1
   b - Throw Frost                    Conjuration/Ice              2
   c - Ozocubu's Armour               Charms/Ice                   3
   d - Throw Icicle                   Conjuration/Ice              4
   e - Summon Ice Beast               Ice/Summoning                4
 q - a book of Conjurations

   Spells                             Type                      Level
   a - Magic Dart                     Conjuration                  1
   b - Searing Ray                    Conjuration                  2
   c - Dazzling Spray                 Conjuration/Hexes            3
   d - Fulminant Prism                Conjuration/Hexes            4
   e - Force Lance                    Conjuration/Translocation    4
   f - Iskenderun's Mystic Blast      Conjuration                  4
Comestibles
 b - 5 bread rations
 c - 4 meat rations
 o - 3 royal jellies
 r - 3 fruits
 u - 3 chunks of flesh


   Skills:
 + Level 5.3 Fighting
 + Level 4.8 Short Blades
 - Level 1.8 Dodging
 - Level 1.7 Stealth
 + Level 5.0 Spellcasting
   Level 1.0 Conjurations
 * Level 8.1 Ice Magic


You had 13 spell levels left.
You knew the following spells:

 Your Spells              Type           Power        Failure   Level  Hunger
a - Freeze                Ice            ####         1%          1    None
b - Ozocubu's Armour      Chrm/Ice       ###.....     8%          3    ###....


Dungeon Overview and Level Annotations

Branches:
Dungeon (6/15)             Temple (1/1) D:4

Altars:
Ashenzari
Cheibriados
Dithmenos
Fedhas
Hepliaklqana
Makhleb
Nemelex Xobeh
Okawaru
Qazlal
Ru
Sif Muna
Trog
Uskayaw
Vehumet
Xom
Yredelemnul
Zin
The Shining One

Shops:
D:6 %


Innate Abilities, Weirdness & Mutations

You can spit globs of acid.
You are resistant to acid.
Your golden yellow scales are hard. (AC +6)
You cannot fit into any form of body armour.
You are cold-blooded and may be slowed by cold attacks.


Message History

Confirm with . or Enter, or press ? or * to list all spells.
You don't have enough magic to cast that spell.
Casting: Freeze
Confirm with . or Enter, or press ? or * to list all spells.
You don't have enough magic to cast that spell.
Casting: Freeze
Confirm with . or Enter, or press ? or * to list all spells.
You don't have enough magic to cast that spell.
You hit the bullfrog. You tail-slap the bullfrog.
The bullfrog is moderately wounded.
The bullfrog hits you.
* * * LOW HITPOINT WARNING * * *
You hit the bullfrog.
Your tail-slap misses the bullfrog.
The bullfrog is heavily wounded.
The bullfrog hits you.
* * * LOW HITPOINT WARNING * * *
You hit the bullfrog.
Your tail-slap misses the bullfrog.
The bullfrog is severely wounded.
The bullfrog hits you.
You die...

#.# #.# #.##..# #.#
#.# #.##..# #.# ##.##
#.##..# #.# ##...##
#.....# #.#
#..>..#######.## #.#
#########...##.......#
#.###.....#
##.###.#######
#.......#.####<###.#
#####.#........รท@F.#
#.###.####.#####
#.....# #.# # #######
#.##### # #.....# #
#.###.# # #.....# #
##.....####### #
##............# #


You could see a bullfrog.

Vanquished Creatures
  Sigmund (D:5)
  A water moccasin (D:6)
  2 sky beasts (D:5)
  An ogre (D:6)
  A centaur (D:5)
  3 bullfrogs
  The ghost of BreadTh the Magician, an amateur SpWz (D:3)
  3 scorpions
  A gnoll shaman (D:4)
  3 hounds
  4 orc priests
  2 bullfrog zombies (D:5)
  An orc wizard (D:6)
  A centaur skeleton (D:5)
  2 mummies (Ossuary)
  An iguana (D:5)
  Terence (D:2)
  Ijyb (D:3)
  7 worker ants
  Robin (D:2)
  5 gnolls
  7 adders
  A shadow imp (D:5)
  An adder zombie (D:5)
  2 worms
  5 leopard geckos
  13 orcs
  7 giant cockroaches
  19 goblins
  12 hobgoblins
  5 jackals
  7 kobolds
  A quokka (D:6)
  3 ball pythons
  6 bats
  4 frilled lizards
  2 jackal zombies
  11 rats
149 creatures vanquished.

Vanquished Creatures (others)
  A gnoll (D:6)
  A leopard gecko (D:6)
  A withered plant (Ossuary)
3 creatures vanquished.

Grand Total: 152 creatures vanquished

Notes
Turn   | Place    | Note
-------+----------+-------------------------------------------
     0 | D:1      | Jynx the Draconian Ice Elementalist began the quest for the Orb.
     0 | D:1      | Reached XP level 1. HP: 14/14 MP: 3/3
   373 | D:1      | Reached XP level 2. HP: 20/20 MP: 3/5
   916 | D:2      | Noticed Terence
   925 | D:2      | Killed Terence
   925 | D:2      | Reached skill level 1 in Fighting
   925 | D:2      | Reached skill level 1 in Short Blades
   925 | D:2      | Reached XP level 3. HP: 14/28 MP: 0/6
  1498 | D:2      | Reached XP level 4. HP: 35/35 MP: 7/7
  1534 | D:2      | Found a sparkling altar of Nemelex Xobeh.
  1535 | D:2      | Noticed Robin
  1645 | D:2      | Killed Robin
  1645 | D:2      | Reached skill level 4 in Ice Magic
  1896 | D:2      | Learned a level 3 spell: Ozocubu's Armour
  1928 | D:3      | Noticed BreadTh's ghost (amateur SpWz)
  1941 | D:3      | Killed BreadTh's ghost
  1941 | D:3      | Reached XP level 5. HP: 28/41 MP: 2/9
  2833 | D:3      | Noticed Ijyb
  2902 | D:3      | Killed Ijyb
  2902 | D:3      | Reached XP level 6. HP: 49/50 MP: 7/10
  3527 | D:3      | Found a bloodstained altar of Trog.
  3756 | D:4      | Reached skill level 5 in Ice Magic
  3810 | D:4      | Found a staircase to the Ecumenical Temple.
  3865 | Temple   | Entered the Ecumenical Temple
  3970 | Temple   | Became a worshipper of Qazlal Stormbringer
  4192 | D:4      | Found a sand-covered staircase.
  4197 | Ossuary  | Entered an ossuary
  4325 | Ossuary  | HP: 1/51 [mummy (10)]
  4683 | D:4      | Your scales start taking on a golden yellow colour.
  4683 | D:4      | Reached XP level 7. HP: 50/57 MP: 5/12
  4814 | D:4      | Reached skill level 6 in Ice Magic
  5191 | D:4      | Found a shadowy altar of Dithmenos.
  5315 | D:5      | Entered Level 5 of the Dungeon
  5358 | D:5      | Found a shimmering altar of Xom.
  5416 | D:5      | Reached * piety under Qazlal
  5581 | D:5      | Noticed Sigmund
  5590 | D:5      | Killed Sigmund
  5946 | D:5      | Reached XP level 8. HP: 17/66 MP: 8/14
  6416 | D:5      | Reached skill level 7 in Ice Magic
  6899 | D:5      | Found a hide-covered altar of Uskayaw.
  6900 | D:5      | Found a shimmering altar of Xom.
  7303 | D:6      | Found Diricva Qehi's Food Boutique.
  7319 | D:6      | Reached skill level 5 in Fighting
  7665 | D:6      | Reached skill level 8 in Ice Magic
  7692 | D:6      | Reached skill level 5 in Spellcasting
  7714 | D:5      | HP: 1/68 [bullfrog (3)]
  7715 | D:5      | Slain by a bullfrog

Skill      XL: |  1  2  3  4  5  6  7  8 |
---------------+-------------------------+-----
Fighting       | 1 2 3 4 5 |  5.3
Short Blades   | 1 2 3 4 |  4.8
Ice Magic      | 4 5 6 8 |  8.1
Spellcasting   | 3 4 5 |  5.0
Dodging        | |  1.8
Stealth        | |  1.7
Conjurations   | |  1.0

Action                   |  1- 3 |  4- 6 |  7- 9 || total
-------------------------+-------+-------+-------++-------
Melee: Dagger            |    39 |   440 |   176 ||   655
       Tailslap          |     3 |    43 |    21 ||    67
 Cast: Freeze            |    34 |    58 |    76 ||   168
       Ozocubu's Armour  |       |     8 |     1 ||     9
  Use: Scroll            |     2 |     5 |     1 ||     8
 Stab: Sleeping          |     4 |       |     4 ||     8
       Distracted        |       |     1 |       ||     1
  Eat: Chunk             |     2 |    11 |    10 ||    23
       Fruit             |       |       |     1 ||     1
Armor: Skin              |    18 |   184 |    72 ||   274
Dodge: Dodged            |    51 |   369 |   121 ||   541
Block: Other             |       |       |     5 ||     5
